 Dungeon Crawl Stone Soup version 0.30.1-9-gdf580d7c3d (webtiles) character file.

Game seed: 10157293711681472213

764 pop123321pop the Cudgeller (level 7, -1/56 HPs)
             Began as a Demigod Fighter on Sept 30, 2023.
             Slain by Natasha (7 damage)
             ... on level 4 of the Dungeon.
             The game lasted 00:04:00 (3649 turns).

pop123321pop the Cudgeller (Demigod Fighter)        Turns: 3649, Time: 00:04:01

Health: -1/56      AC:  6    Str: 21    XL:     7   Next: 26%
Magic:  9/9        EV:  8    Int: 10    God:
Gold:   150        SH:  9    Dex: 17    Spells: 6/6 levels left

rFire   . . .        a - +0 flail
rCold   . . .        q - +0 kite shield
rNeg    . . .        b - +0 scale mail
rPois   .            (no helmet)
rElec   .            (no cloak)
rCorr   .            (no gloves)
SInv    .            (no boots)
Will    .....        (no amulet) Stlth
                     (no ring)
HPRegen 0.29/turn    (no ring)
MPRegen 0.11/turn

%: no passive effects
@: invisible
A: high MP 1, forlorn, divine attributes
a: no special abilities


You were on level 4 of the Dungeon.
You visited 1 branch of the dungeon, and saw 4 of its levels.

You collected 150 gold pieces.

Inventory:

Hand Weapons
 a - a +0 flail (weapon)
Armour
 b - a +0 scale mail (worn)
 q - a +0 kite shield (worn)
Jewellery
 s - an amulet of regeneration
 t - a +4 ring of slaying
 u - a +6 ring of strength
 w - a +6 ring of dexterity
Wands
 c - a wand of polymorph (12)
 e - a wand of flame (8)
Scrolls
 d - a scroll of poison
 f - 2 scrolls of enchant armour
 g - a scroll of butterflies
 j - 2 scrolls of teleportation
 k - 2 scrolls of torment
 l - 2 scrolls of amnesia {unknown}
 m - 2 scrolls of magic mapping {unknown}
 n - a scroll of brand weapon {unknown}
 r - 2 scrolls of fog {unknown}
Potions
 h - a potion of curing {unknown}
 i - a potion of invisibility
 o - 2 potions of resistance {unknown}
 p - a potion of attraction {unknown}


   Skills:
 - Level 2.6 Fighting
 + Level 7.9 Maces & Flails
 - Level 2.6 Armour
 - Level 2.6 Shields


You had 6 spell levels left.
You didn't know any spells.
Your spell library contained the following spells:

 Spells                   Type           Power      Damage    Failure   Level
 Magic Dart               Conj           0%         1d3       95%         1
 Ozocubu's Armour         Ice            0%         N/A       100%        3
 Ozocubu's Refrigeration  Ice            0%         4d7       100%        7


Dungeon Overview and Level Annotations

Branches:
Dungeon (4/15)
 Temple: D:4-7

Shops:
D:4 [

Annotations:
D:4 Natasha


Innate Abilities, Weirdness & Mutations

You have an increased reservoir of magic. (+10% MP)
You shall have no god before yourself.
Your divine heritage dramatically boosts your attributes as you level up.


Message History

The ogre misses you.
Unknown command.
There are monsters nearby!
You barely miss the ogre.
The ogre is lightly wounded.
Unknown command.
Unknown command.
You thump the ogre!
The ogre is moderately wounded.
The ogre hits you with a +0 giant club! Natasha claws you but does no damage.
There are monsters nearby!
You hit the ogre.
The ogre is heavily wounded.
The ogre hits you with a +0 giant club!!
Ouch! That really hurt!
* * * LOW HITPOINT WARNING * * *
Natasha claws you.
* * * LOW HITPOINT WARNING * * *
Unknown command.
Unknown command.
You are too injured to fight recklessly!
Unknown command.
You are too injured to fight recklessly!
Unknown command.
There are monsters nearby!
You are too injured to fight recklessly!
Unknown command.
There are monsters nearby!
You are too injured to fight recklessly!
Unknown command.
It was a potion of invisibility.
You fade into invisibility!
Natasha barely misses you. The ogre barely misses you.
You sock the ogre!
The ogre is almost dead.
You block Natasha's attack.
You thump the ogre!
You kill the ogre!
Natasha claws you!
You die...

### ############
..###...#.......
∩.......#.# #.. #
#.#.......####.. #.##.
................
#....###.........##....
#....)@h..##...#.##.#..
.#
#..#####..##...#.##>#..
..
..#####..######.......
.# .........#
###.##.### .#
#.#####.## #......###
.# #.....#####.#.......
.# #.#.................
#.#
#.#.....##....######
<.# ##. #.#...........#


You could see Natasha.

Vanquished Creatures
  Grinder (D:3)
  Sigmund (D:2)
  An ogre (D:4)
  2 orc priests
  Crazy Yiuf (D:2)
  Natasha (twice) (D:4)
  3 orc wizards
  9 adders
  A shadow imp (D:3)
  An ufetubus (D:4)
  3 worms
  4 dart slugs
  11 orcs
  8 ball pythons
  3 bats (D:1)
  5 endoplasms
  4 giant cockroaches
  5 goblins
  A hobgoblin (D:2)
  6 jackals (D:1)
  5 quokkas
  A frilled lizard (D:2)
  5 kobolds
  6 rats
89 creatures vanquished.

Notes
Turn   | Place    | Note
-------+----------+-------------------------------------------
     0 | D:1      | pop123321pop the Demigod Fighter began the quest for the
                  | Orb.
     0 | D:1      | Reached XP level 1. HP: 18/18 MP: 3/3
    63 | D:1      | Reached skill level 2 in Maces & Flails
   130 | D:1      | Reached XP level 2. HP: 25/25 MP: 4/4
   553 | D:1      | Reached skill level 3 in Maces & Flails
   554 | D:1      | Got Plato's Spellbook of Hurting
   712 | D:2      | Found a runed translucent door.
   713 | D:2      | Noticed Crazy Yiuf
   795 | D:2      | Reached XP level 3. HP: 30/30 MP: 5/5
   981 | D:2      | Noticed Sigmund
   989 | D:2      | Killed Sigmund
   990 | D:2      | Reached skill level 5 in Maces & Flails
   990 | D:2      | Reached XP level 4. HP: 37/37 MP: 6/6
   990 | D:2      | Reached XP level 5. HP: 42/42 MP: 7/7
  1449 | D:2      | Killed Crazy Yiuf
  1728 | D:3      | Reached skill level 6 in Maces & Flails
  1728 | D:3      | Reached XP level 6. HP: 34/50 MP: 8/8
  2177 | D:3      | Noticed Grinder
  2177 | D:3      | Paralysed by Grinder for 4 turns
  2203 | D:3      | Killed Grinder
  2204 | D:3      | Reached skill level 7 in Maces & Flails
  2739 | D:4      | Noticed Natasha
  2748 | D:4      | Killed Natasha
  2858 | D:4      | Noticed Natasha
  2871 | D:4      | Killed Natasha
  2872 | D:4      | Reached XP level 7. HP: 42/56 MP: 9/9
  3637 | D:4      | Found Zibutor's Antique Armour Emporium.
  3640 | D:4      | Noticed Natasha
  3649 | D:4      | Slain by Natasha

Illustrated notes

Levels and vault maps discovered:
D:1:      sevenhm_arrival_forest_fort_small_4, layout_basic,
          shapermc_ecumenical_altar_rom_forum, minmay_tall_x
D:2:      layout_basic, uniq_crazy_yiuf_cottage, uniq_sigmund
D:3:      layout_loops_ring, lemuel_tele_altar, nicolae_qazlal_eye_of_the_storm,
          uniq_grinder
D:4:      layout_loops_ring, serial_shops, shop, nicolae_half_adder,
          uniq_natasha

Skill      XL: |  1  2  3  4  5  6 |
---------------+-------------------+-----
Maces & Flails | 2 3 5 6 7 |  7.9
Fighting       | |  2.6
Armour         | |  2.6
Shields        | |  2.6

Action                     |  1- 3 |  4- 6 |  7- 9 || total
---------------------------+-------+-------+-------++-------
  Melee: Flail             |    94 |   180 |    76 ||   350
    Use: Potion            |     1 |     1 |     1 ||     3
         Scroll            |       |     5 |     1 ||     6
 Armour: Scale mail        |    56 |    61 |    54 ||   171
         Skin              |       |     3 |       ||     3
  Dodge: Dodged            |    63 |    44 |    37 ||   144
  Block: Buckler           |    29 |     5 |       ||    34
         Kite shield       |       |    62 |    52 ||   114
